 Dungeon Crawl Stone Soup version 0.28-a0-1312-g71652a0310 (webtiles) character file.

Game seed: 14412364616290218257

5147 bande the Cleaver (level 10, 0/61 HPs)
             Began as a Gargoyle Fighter on Dec 28, 2021.
             Was an Elder of Okawaru.
             Slain by a two-headed ogre (13 damage)
             ... on level 9 of the Dungeon.
             The game lasted 00:15:15 (12695 turns).

bande the Cleaver (Gargoyle Fighter)               Turns: 12695, Time: 00:15:15

Health: 0/61       AC: 24    Str: 20    XL:     10   Next: 59%
Magic:  14/14      EV:  6    Int:  9    God:    Okawaru [****..]
Gold:   446        SH:  5    Dex: 13    Spells: 9/9 levels left

rFire   . . .      SeeInvis .   z - +0 war axe (pain)
rCold   . . .      Faith    .   c - +0 buckler
rNeg    + . .      Spirit   .   y - +0 plate armour
rPois   ∞          Reflect  .   (no helmet)
rElec   +          Harm     .   (no cloak)
rCorr   .          Rampage  .   h - +1 pair of gloves {infuse}
Will    .....                   q - +0 pair of boots
Stlth   ..........              (no amulet)
HPRegen 0.20/turn               i - ring of flight
MPRegen 0.14/turn               (no ring)

@: flying
A: sickness immunity, AC +7, negative energy resistance 1, electricity
resistance, torment resistance 1, petrification resistance
a: Renounce Religion, Heroism, Finesse


You were on level 9 of the Dungeon.
You worshipped Okawaru.
Okawaru was greatly pleased with you.
You visited 2 branches of the dungeon, and saw 10 of its levels.

You collected 446 gold pieces.

Inventory:

Hand Weapons
 a - a +1 war axe
 b - a +1 morningstar
 x - a +0 war axe
 z - a +0 war axe of pain (weapon)
Armour
 c - a +0 buckler (worn)
 h - a +1 pair of gloves of infusion (worn)
 q - a +0 pair of boots (worn)
 y - a +0 plate armour (worn)
Jewellery
 i - a ring of flight (left hand)
Wands
 k - a wand of mindburst (22)
 p - a wand of flame (32)
 w - a wand of iceblast (10)
Scrolls
 t - 5 scrolls of teleportation
 u - 2 scrolls of amnesia
Potions
 d - a potion of might
 e - 3 potions of haste
 f - 2 potions of flight
 g - 3 potions of brilliance {unknown}
 j - 2 potions of degeneration {unknown}
 l - 3 potions of cancellation
 m - 4 potions of heal wounds
 n - 3 potions of invisibility
 o - a potion of mutation {unknown}
 r - a potion of resistance {unknown}
 s - 2 potions of curing {unknown}
 v - 2 potions of lignification {unknown}


   Skills:
 + Level 6.6 Fighting
 + Level 8.9 Axes
 + Level 7.8 Armour
 + Level 5.1 Shields
 * Level 6.3 Invocations
 * Level 4.7 Evocations


You had 9 spell levels left.
You didn't know any spells.
Your spell library contained the following spells:

 Spells                   Type           Power      Damage    Failure   Level
 Sting                    Tmut/Pois      0%         1d3       100%        1
 Ensorcelled Hibernation  Hex/Ice        0%         N/A       100%        2
 Passwall                 Tmut/Erth      0%         N/A       100%        2
 Poisonous Vapours        Pois/Air       0%         N/A       100%        2
 Static Discharge         Conj/Air       0%         N/A       100%        2
 Portal Projectile        Hex/Tloc       0%         N/A       100%        3
 Swiftness                Air            0%         N/A       100%        3
 Dispel Undead            Necr           0%         3d6       100%        4
 Ice Form                 Ice/Tmut       0%         N/A       100%        4
 Leda's Liquefaction      Hex/Erth       0%         N/A       100%        4
 Olgreb's Toxic Radiance  Pois           0%         N/A       100%        4
 Petrify                  Tmut/Erth      0%         N/A       100%        4
 Sticky Flame             Conj/Fire      0%         2d3       100%        4
 Alistair's Intoxication  Tmut/Pois      0%         N/A       100%        5
 Borgnjor's Vile Clutch   Necr/Erth      0%         N/A       100%        5
 Irradiate                Conj/Tmut      0%         3d13      100%        5
 Metabolic Englaciation   Hex/Ice        0%         N/A       100%        5
 Eringya's Noxious Bog    Tmut/Pois      0%         N/A       100%        6
 Enfeeble                 Hex            0%         N/A       100%        7
 Sublimation of Blood     Necr           Unusable   N/A       N/A         2
 Call Canine Familiar     Summ           Unusable   N/A       N/A         3
 Tukima's Dance           Hex            Unusable   N/A       N/A         3

Dungeon Overview and Level Annotations

Branches:
Dungeon (9/15)             Temple (1/1) D:4
   Lair: D:8-11         Orc: D:9-12

Altars:
Dithmenos
Fedhas
Gozag
Kikubaaqudgha
Makhleb
Nemelex Xobeh
Okawaru
Qazlal
Ru
Sif Muna
Trog
Uskayaw
Wu Jian
Xom
Yredelemnul
Zin

Shops:
D:6 (


Innate Abilities, Weirdness & Mutations

You are immune to sickness and miasma.
Your stone body is resilient. (AC +7)
You are immune to poison.
You resist negative energy. (rN+)
You are resistant to electric shocks. (rElec)
You are resistant to unholy torment.
You are immune to petrification.


Message History

The yak is moderately wounded.
The yak gores you but does no damage.
You slash the yak!
The yak is severely wounded.
A two-headed ogre comes into view. It is wielding two +0 giant clubs.
The yak gores you but does no damage.
The two-headed ogre shouts in stereo!
You hit the yak.
The yak is severely wounded.
The yak gores you but does no damage.
You hit the yak but do no damage.
The yak is severely wounded.
The yak gores you but does no damage.
There is a stone staircase leading up here.
The yak gores you but does no damage.
You fly upwards.
There is a stone staircase leading down here.
You barely miss the yak.
The yak is severely wounded.
The yak barely misses you.
You slash the yak!
You kill the yak!
Okawaru accepts your kill.
You start resting.
HP restored.
You start resting.
Magic restored.
You start waiting.
Done waiting.
There is a stone staircase leading down here.
You fly downwards.
The yak gores you but does no damage.
The two-headed ogre hits you with a +0 giant club!!
The two-headed ogre hits you with a +0 giant club!
The yak gores you but does no damage.
There is a stone staircase leading up here.
The yak gores you but does no damage.
The two-headed ogre hits you with a +0 giant club!
* * * LOW HITPOINT WARNING * * *
The two-headed ogre hits you with a +0 giant club!
You die...

#########
#.......#
#.......#
#.....O.#
#.....@.# .
#....Y.Y#####.Y..
#......Y.Y†YYYY..
#.......#####Y...
#.......# .
#.......#
#.......#
###.##### #.


You could see a two-headed ogre and 4 yaks.

Vanquished Creatures
  Maggie (D:8)
  2 hornets
  Sigmund (D:5)
  A wyvern (D:8)
  3 yaks
  4 hogs (D:7)
  A human (D:7)
  A steam dragon (D:8)
  Menkaure (D:7)
  Edmund (D:5)
  2 water moccasins
  3 sky beasts
  An ice beast (D:5)
  4 orc warriors
  2 black bears
  A necrophage (D:6)
  2 ogres
  A centaur (D:6)
  A bullfrog (D:7)
  A scorpion (D:6)
  2 water moccasin zombies
  A wyvern skeleton (D:7)
  A water moccasin skeleton (D:6)
  5 wights (D:8)
  A centaur zombie (D:6)
  A hound (D:4)
  A centaur skeleton (D:5)
  A jelly (D:8)
  2 orc priests
  A gnoll shaman (D:6)
  An iguana (D:5)
  7 orc wizards
  A killer bee zombie (D:6)
  2 howler monkey zombies
  3 gnolls (D:6)
  7 adders
  2 white imps
  An adder zombie (D:3)
  An adder skeleton (D:4)
  3 worms
  3 dart slugs
  24 orcs
  11 endoplasms
  5 giant cockroaches
  4 goblins
  8 hobgoblins
  6 jackals
  10 kobolds
  4 quokkas
  7 ball pythons
  6 bats
  5 frilled lizards
  A quokka zombie (D:3)
  9 rats
181 creatures vanquished.

Vanquished Creatures (others)
  4 toadstools (D:1)
4 creatures vanquished.

Grand Total: 185 creatures vanquished

Notes
Turn   | Place    | Note
-------+----------+-------------------------------------------
     0 | D:1      | bande the Gargoyle Fighter began the quest for the Orb.
     0 | D:1      | Reached XP level 1. HP: 14/14 MP: 1/1
   107 | D:1      | Reached XP level 2. HP: 12/19 MP: 2/2
   466 | D:1      | Reached skill level 2 in Axes
   922 | D:1      | Reached XP level 3. HP: 21/23 MP: 3/3
  1882 | D:2      | Found a faded altar of an unknown god.
  1937 | D:2      | Reached XP level 4. HP: 27/29 MP: 4/4
  2064 | D:2      | Reached skill level 3 in Axes
  2354 | D:3      | Identified a scroll of acquirement
  2354 | D:3      | Acquired a +0 pair of gloves of infusion
  2640 | D:3      | Reached XP level 5. HP: 29/33 MP: 0/5
  2947 | D:3      | Found a basalt altar of Yredelemnul.
  3129 | D:3      | Found an ornate altar of the Wu Jian Council.
  3558 | D:4      | Found a staircase to the Ecumenical Temple.
  3569 | D:4      | Reached skill level 4 in Axes
  3577 | Temple   | Entered the Ecumenical Temple
  3710 | Temple   | Became a worshipper of Warmaster Okawaru
  4147 | D:4      | Identified the +0 robe of the Equator {rC+ Str+4}
  4433 | D:4      | Found a hide-covered altar of Uskayaw.
  4473 | D:4      | Noticed an ogre
  4480 | D:4      | Killed an ogre
  4481 | D:4      | Reached skill level 1 in Invocations
  4481 | D:4      | Reached XP level 6. HP: 8/38 MP: 0/6
  5026 | D:5      | Entered Level 5 of the Dungeon
  5026 | D:5      | Noticed a black bear
  5039 | D:4      | Killed a black bear
  5483 | D:5      | Noticed Sigmund
  5497 | D:5      | Killed Sigmund
  5498 | D:5      | Reached skill level 5 in Axes
  5498 | D:5      | Reached skill level 5 in Armour
  5498 | D:5      | Reached XP level 7. HP: 38/44 MP: 3/8
  5586 | D:5      | Reached * piety under Okawaru
  5587 | D:5      | Reached skill level 1 in Evocations
  5646 | D:6      | Reached XP level 8. HP: 10/48 MP: 0/10
  6123 | D:6      | Reached ** piety under Okawaru
  6124 | D:6      | Reached skill level 6 in Axes
  6174 | D:6      | Reached skill level 5 in Fighting
  7172 | D:5      | Noticed Edmund
  7180 | D:5      | Killed Edmund
  7713 | D:5      | Reached XP level 9. HP: 49/54 MP: 7/12
  7985 | D:5      | Found a stormy altar of Qazlal.
  8548 | D:6      | Found Horchopets's Antique Weapon Shop.
  8566 | D:6      | Noticed a hornet
  8582 | D:6      | Killed a hornet
  8583 | D:6      | Reached skill level 7 in Axes
  9153 | D:7      | Noticed Menkaure
  9163 | D:7      | Killed Menkaure
  9431 | D:7      | Noticed a hornet
  9436 | D:7      | Killed a hornet
  9436 | D:7      | Reached *** piety under Okawaru
  9597 | D:7      | Got the Guide on Moulding and the Frostbite
  9940 | D:7      | Reached skill level 5 in Invocations
 10020 | D:7      | Reached skill level 8 in Axes
 10020 | D:7      | Reached XP level 10. HP: 20/60 MP: 0/14
 10641 | D:8      | Reached skill level 5 in Shields
 10754 | D:8      | Reached **** piety under Okawaru
 11504 | D:8      | Noticed Maggie
 11516 | D:8      | Killed Maggie
 12069 | D:8      | Found a blossoming altar of Fedhas.
 12490 | D:9      | Noticed a two-headed ogre
 12695 | D:9      | Slain by a two-headed ogre

Illustrated notes

Levels and vault maps discovered:
D:1:      ldierk_walled_garden_2, layout_loops_cross
D:2:      layout_rooms, nicolae_ecumenical_lake_church, minmay_split_cup_small
D:3:      layout_loops_ring, lemuel_zombie_altar_yredelemnul,
          mainiacjoe_overflow_paths, serial_rivers,
          chequers_serial_rivers_micro_a, chequers_serial_rivers_small_3,
          chequers_serial_rivers_micro_a, chequers_serial_rivers_micro_b,
          chequers_serial_rivers_small_b, minmay_misc_feat_plants
D:4:      layout_loops_cross, kennysheep_mini_moat,
          minmay_temple_entry_statues_fountains, serial_rivers,
          chequers_serial_rivers_room_b, chequers_serial_rivers_marsh,
          chequers_serial_rivers_large_a, chequers_serial_rivers_small_a
D:5:      layout_rooms, grunt_qazlal_clouds, nicolae_elevator_lobby_asterisk,
          uniq_sigmund, uniq_edmund
D:6:      layout_loops_cross, serial_shops, shop
D:7:      layout_basic, chequers_serial_rivers_micro_d, grunt_livestock,
          uniq_menkaure
D:8:      layout_loops_ring, lemuel_crystal_altar, uniq_maggie
D:9:      layout_roguey, lair_entry_dummy
Temple:   eino_temple_rhombus

Skill      XL: |  1  2  3  4  5  6  7  8  9 10 |
---------------+-------------------------------+-----
Axes           | 2 3 4 5 6 8 |  8.9
Armour         | 4 5 6 7 |  7.8
Fighting       | 4 5 6 |  6.6
Invocations    | 1 2 4 5 6 |  6.3
Evocations     | 1 2 4 |  4.7
Shields        | 4 5 |  5.1

Action                   |  1- 3 |  4- 6 |  7- 9 | 10-12 || total
-------------------------+-------+-------+-------+-------++-------
Melee: War axe           |   151 |   140 |   287 |   168 ||   746
  Use: Scroll            |     1 |     9 |     4 |     4 ||    18
       Potion            |       |       |     1 |       ||     1
Armor: Scale mail        |    91 |    53 |   153 |       ||   297
       Plate armour      |       |       |    35 |    91 ||   126
Dodge: Dodged            |    80 |    68 |   136 |    36 ||   320
Block: Buckler           |    37 |    32 |    65 |    26 ||   160

Table legend: (Time is in decaauts)
 A = Elapsed time spent in this place.
 B = Non-inter-level travel time spent in this place.
 C = Inter-level travel time spent in this place.
 D = Time resting spent in this place.
 E = Time spent auto-exploring this place.
 F = Levels seen in this place.
 G = Mean time per level.
                   A        B        C        D        E       F      G
               +--------+--------+--------+--------+--------+-----+--------+
         Total |  12879 |  12584 |    295 |   5281 |   5414 |  10 | 1287.9 |
       Dungeon |  12734 |  12456 |    278 |   5281 |   5296 |   9 | 1414.9 |
        Temple |    144 |    127 |     17 |      0 |    118 |   1 |  144.0 |
               +--------+--------+--------+--------+--------+-----+--------+

Top non-repeatable levels by time:
     D:8: 2332 daAuts
     D:6: 2083 daAuts
     D:4: 1771 daAuts
     D:5: 1724 daAuts
     D:1: 1564 daAuts
     D:7: 1222 daAuts
     D:3: 1162 daAuts
     D:2: 838 daAuts
  Temple: 144 daAuts
     D:9: 34 daAuts
